Map: Ruins of Seras

Players

플레가고싶어 - Winner!

  • Race: Zerg Zerg
  • League: Gold

Bagain

  • Race: Protoss Protoss
  • League: Gold

VOD

Have the link to the VOD?

Description

Time

  • Played on: Feb. 2, 2016, 9:53 a.m.
  • Length: 8:37
Show
View Real Time Build Order
Export as new Build Order

플레가고싶어 Zerg - Winner!

Build Orders: Hatch First 

Get SALT Encoding   

  12  0:01  Drone  
  13  0:10  Drone  
  14  0:18  Overlord  
  14  0:37  Drone x3  
  17  1:01  Hatchery  
  16  1:12  Extractor, Drone x3  
  18  1:24  Spawning Pool  
  17  1:26  Drone  
  18  1:37  Drone  
  19  1:49  Drone  
  20  1:57  Overlord  
  20  2:07  Drone  
  21  2:14  Drone  
  21  2:15  Hatchery  
  21  2:17  Zergling x2  
  22  2:24  Zergling x2  
  22  2:29  Zergling x2  
  24  2:35  Drone  
  25  2:38  Drone  
  26  2:49  Metabolic Boost  
  26  2:50  Drone  
  28  2:51  Drone  
  28  2:53  Extractor, Queen  
  29  3:03  Drone x2  
  31  3:07  Drone  
  31  3:10  Drone  
  33  3:18  Drone  
  32  3:31  Drone  
  32  3:33  Queen  
  36  3:34  Drone x2  
  37  3:41  Roach Warren, Spine Crawler  
  37  3:42  Drone, Spine Crawler  
  37  3:43  Drone  
  37  3:45  Drone  
  37  3:50  Drone x2  
  37  3:53  Drone  
  40  3:55  Drone  
  40  4:02  Drone  
  42  4:06  Overlord  
  42  4:18  Overlord x2  
  42  4:24  Overlord x2  
  42  4:27  Lair  
  42  4:30  Drone x3  
  42  4:31  Drone x2  
  47  4:39  Drone x3  
  47  4:40  Drone  
  47  4:43  Extractor, Queen  
  47  4:44  Extractor  
  51  4:49  Overlord  
  51  4:55  Roach x2  
  51  4:56  Roach  
  57  5:05  Drone  
  57  5:06  Drone x2  
  60  5:08  Roach x3  
  60  5:10  Roach  
  68  5:17  Roach  
  70  5:23  Roach x3  
  70  5:26  Roach x2  
  70  5:27  Roach  
  82  5:32  Roach  
  82  5:33  Roach  
  86  5:39  Queen, Roach  
  90  5:50  Overlord  
  90  5:52  Overlord  
  90  5:56  Overlord  
  90  6:06  Overlord x2  
  90  6:07  Queen  
  92  6:25  Zergling x6  
  93  6:26  Zergling x8  
  93  6:27  Zergling x2  
  93  6:28  Zergling x6  
  102  6:35  Ravager x7  
  102  6:36  Spine Crawler  
  102  6:38  Spine Crawler  
  107  6:41  Zergling x8  
  107  6:42  Drone x2  
  107  6:43  Drone x2  
  115  6:51  Drone  
  115  6:52  Drone  
  117  6:56  Extractor  
  117  6:57  Extractor  
  117  6:58  Drone x3  
  93  7:25  Roach x6  
  93  7:26  Roach x2  
  92  7:37  Zergling x10  
  92  7:38  Zergling x8  
  95  7:45  Zergling x2, Ravager  
  92  7:55  Zergling x2  
  93  8:00  Ravager x5  
  93  8:01  Ravager x2  
  93  8:02  Zergling x6  
  93  8:03  Zergling x2  
  104  8:07  Hatchery  
  104  8:09  Zergling x2  
  104  8:11  Drone  
  105  8:14  Drone x3  
  105  8:15  Drone  
Show
View Real Time Build Order
Export as new Build Order

Bagain Protoss 

Build Orders: Nexus First 

Get SALT Encoding   

  12  0:01  Probe (Chrono Boost)  
  13  0:12  Probe (Chrono Boost)  
  14  0:22  Pylon  
  14  0:25  Probe (Chrono Boost)  
  15  0:40  Probe (Chrono Boost)  
  16  0:50  Probe (Chrono Boost)  
  17  1:04  Nexus  
  17  1:06  Probe (Chrono Boost)  
  18  1:23  Gateway  
  18  1:29  Assimilator  
  18  1:32  Probe (Chrono Boost)  
  19  1:40  Gateway  
  19  1:42  Probe (Chrono Boost)  
  20  1:53  Probe (Chrono Boost)  
  21  1:55  Assimilator  
  21  2:03  Probe (Chrono Boost)  
  22  2:16  Cybernetics Core, Pylon, Probe (Chrono Boost)  
  23  2:26  Probe (Chrono Boost)  
  24  2:32  Pylon  
  25  2:37  Probe x2 (Chrono Boost)  
  25  2:38  Assimilator  
  26  2:47  Probe (Chrono Boost)  
  26  2:53  Adept (Chrono Boost)  
  26  2:55  Mothership Core  
  32  2:59  Adept (Chrono Boost)  
  32  3:06  Probe  
  32  3:11  Warp Gate  
  33  3:14  Probe  
  33  3:19  Probe  
  35  3:27  Probe  
  35  3:31  Probe  
  35  3:32  Twilight Council  
  37  3:37  Robotics Facility, Probe  
  37  3:40  Assimilator  
  38  3:44  Probe (Chrono Boost)  
  39  3:49  Adept (Chrono Boost), Probe (Chrono Boost)  
  39  3:51  Adept (Chrono Boost)  
  44  3:56  Probe (Chrono Boost)  
  44  4:00  Probe (Chrono Boost)  
  46  4:07  Probe (Chrono Boost)  
  46  4:08  Resonating Glaives  
  47  4:11  Probe (Chrono Boost)  
  48  4:17  Gateway, Probe (Chrono Boost)  
  48  4:21  Probe (Chrono Boost)  
  50  4:25  Observer  
  50  4:29  Probe (Chrono Boost)  
  52  4:32  Probe (Chrono Boost)  
  53  4:39  Pylon, Probe (Chrono Boost)  
  54  4:46  Forge  
  54  4:49  Pylon  
  54  4:56  Pylon  
  58  5:04  Probe x2 (Chrono Boost)  
  60  5:13  Immortal (Chrono Boost)  
  60  5:25  Gateway x2  
  60  5:26  Stalker x3  
  65  5:41  Pylon  
  65  5:42  Pylon  
  65  5:43  Protoss Ground Weapons Level 1  
  65  5:52  Immortal (Chrono Boost)  
  65  5:53  Stalker x3  
  75  6:11  Gateway  
  75  6:18  Adept x3  
  81  6:26  Warp Prism (Chrono Boost)  
  81  6:28  Pylon  
  81  6:31  Stalker x2  
  87  6:41  Stalker x3  
  93  6:48  Pylon  
  93  6:56  Adept  
  93  6:58  Immortal (Chrono Boost)  
  99  7:02  Probe  
  100  7:11  Pylon  
  100  7:13  Pylon  
  90  7:20  Stalker x2  
  90  7:21  Stalker  
  78  7:23  Stalker  
  68  7:34  Stalker x2  
  60  7:46  Stalker x2  
  60  7:47  Stalker  
  66  7:57  Immortal (Chrono Boost)  
  70  8:04  Stalker x2  
  74  8:15  Stalker x3  
Tags
 
Add a new tag
Caveats
  • Supply blocks, unpowered buildings, or Contaminate may cause inaccurate times.
  • Supply counts are checked every 10 seconds.